 Dungeon Crawl Stone Soup version 0.31-a0-112-gdf0485fa37 (webtiles) character file.

Game seed: 13136359652286008919

7102 Essalna the Geomancer (level 11, 0/69 HPs)
             Began as a Gargoyle Earth Elementalist on May 28, 2023.
             Was a Follower of Vehumet.
             Slain by a polar bear (15 damage)
             ... on level 8 of the Dungeon.
             The game lasted 00:17:05 (10392 turns).

Essalna the Geomancer (GrEE)                       Turns: 10392, Time: 00:17:06

Health: 0/69       AC: 14    Str: 11    XL:     11   Next: 10%
Magic:  0/23       EV: 12    Int: 29    God:    Vehumet [*.....]
Gold:   442        SH:  4    Dex: 10    Spells: 10/14 levels left

rFire   + . .        l - +1 dagger (venom)
rCold   . . .        c - +0 buckler
rNeg    + . .        w - +1 leather armour of Feral Liberty {rF+ Int+2}
rPois   ∞            (no helmet)
rElec   +            j - +0 cloak
rCorr   .            (no gloves)
SInv    .            (no boots)
Will    .....        v - amulet of regeneration
Stlth   ++           e - +6 ring of intelligence
HPRegen 1.11/turn    y - ring "Iptiqich" {rElec MP+9}
MPRegen 0.18/turn

%: no passive effects
@: no status effects
A: sickness immunity, AC +8, negative energy resistance 1, electricity
resistance, torment resistance 1, petrification resistance
a: Renounce Religion


You were on level 8 of the Dungeon.
You worshipped Vehumet.
Vehumet was aware of your devotion.
You visited 2 branches of the dungeon, and saw 9 of its levels.

You collected 442 gold pieces.

Inventory:

Hand Weapons
 l - a +1 dagger of venom (weapon)
Armour
 a - a +0 robe
 c - a +0 buckler (worn)
 i - a +4 scale mail of fire resistance
 j - a +0 cloak (worn)
 w - the +1 leather armour of Feral Liberty (worn) {rF+ Int+2}
   (You found it on level 5 of the Dungeon)

   Int:       It affects your intelligence (+2).
   rF:        It protects you from fire.
Jewellery
 b - a ring of see invisible
 e - a +6 ring of intelligence (left hand)
 k - an amulet of guardian spirit
 v - an amulet of regeneration (around neck)
 x - a ring of protection from cold
 y - the ring "Iptiqich" (right hand) {rElec MP+9}
   (You found it on level 6 of the Dungeon)

   [ring of magical power]

   rElec:     It insulates you from electricity.
   MP:        It affects your magic capacity (+9).
Wands
 d - a wand of acid (6)
 B - a wand of charming (11)
Scrolls
 g - 2 scrolls of blinking {unknown}
 n - a scroll of identify
 o - a scroll of vulnerability
 s - a scroll of magic mapping
 t - a scroll of enchant weapon
 u - 2 scrolls of amnesia
 z - a scroll of noise {unknown}
Potions
 f - 2 potions of curing
 h - a potion of brilliance {unknown}
 m - a potion of degeneration
 p - a potion of haste
 q - a potion of might
 r - a potion of mutation {unknown}
 A - 3 potions of heal wounds


   Skills:
 + Level 8.5 Fighting
 + Level 7.5 Armour
 + Level 5.5 Dodging
 - Level 2.1 Stealth
 - Level 4.0 Shields
 - Level 2.0 Spellcasting
 + Level 8.1 Conjurations
 - Level 0.7 Transmutations
 + Level 10.0 Earth Magic


You had 10 spell levels left.
You knew the following spells:

 Your Spells              Type           Power      Damage    Failure   Level
a - Sandblast             Erth           100%       2d20      1%          1
b - Stone Arrow           Conj/Erth      100%       3d13      1%          3

Your spell library contained the following spells:

 Spells                   Type           Power      Damage    Failure   Level
 Magic Dart               Conj           100%       1d8       1%          1
 Passwall                 Tmut/Erth      28%        N/A       2%          2
 Shock                    Conj/Air       100%       1d9       3%          1
 Momentum Strike          Conj/Tloc      52%        3d9       4%          2
 Hailstorm                Conj/Ice       26%        3d7       9%          3
 Freeze                   Ice            8%         1d3       16%         1
 Petrify                  Tmut/Erth      34%        N/A       17%         4
 Blink                    Tloc           4%         N/A       22%         2
 Lesser Beckoning         Tloc           4%         N/A       22%         2
 Frozen Ramparts          Ice            4%         1d1       41%         3
 Swiftness                Air            2%         N/A       41%         3
 Vhi's Electric Charge    Tloc/Air       4%         N/A       41%         3
 Arcjolt                  Conj/Air       13%        1d23      63%         5
 Airstrike                Air            1%         2d(1-17)  83%         4
 Plasma Beam              Fire/Air       1%         2x1d12    100%        6


Dungeon Overview and Level Annotations

Branches:
Dungeon (8/15)             Temple (1/1) D:6            Lair (0/5) D:8

Altars:
Ashenzari
Cheibriados
Elyvilon
Fedhas
Gozag
Hepliaklqana
Makhleb
Nemelex Xobeh
Okawaru
Qazlal
Ru
Sif Muna
Trog
Uskayaw
Vehumet
Wu Jian
Yredelemnul
Zin
The Shining One


Innate Abilities, Weirdness & Mutations

You are immune to sickness and miasma.
Your stone body is resilient. (AC +8)
You are immune to poison.
You resist negative energy. (rN+)
You are resistant to electric shocks. (rElec)
You are resistant to unholy torment.
You are immune to petrification.


Message History

Casting: Sandblast (safe; 1% risk of failure)
Confirm with . or Enter, or press ? or * to list all spells.
Aiming: Sandblast (safe; 1% risk of failure)
Press: ? - help, Shift-Dir - straight line, f/p - polar bear
Aim: a polar bear (severely wounded, berserk, 89% to hit)
The blast of sand hits the polar bear but does no damage.
The polar bear is severely wounded.
You block the polar bear's attack. The polar bear completely misses you.
The polar bear claws you but does no damage.
An ice beast comes into view.
The polar bear bites you!
The polar bear claws you but does no damage.
The polar bear barely misses you. The polar bear bites you.
The polar bear claws you but does no damage. x2
Casting: Sandblast (safe; 1% risk of failure)
Confirm with . or Enter, or press ? or * to list all spells.
You don't have enough magic to cast this spell.
Unknown command.
Hit: l) +1 dagger (venom)
Press: ? - help, Dir - move target, f/p - polar bear
Aim: a polar bear (severely wounded, berserk, about 28% to evade your +1 dagger of venom)
You completely miss the polar bear.
The polar bear is severely wounded.
The polar bear barely misses you. You block the polar bear's attack.
The polar bear closely misses you.
Hit: l) +1 dagger (venom)
Press: ? - help, Dir - move target, f/p - polar bear
Aim: a polar bear (severely wounded, berserk, about 28% to evade your +1 dagger of venom)
You hit the polar bear but do no damage.
The polar bear is severely wounded.
The polar bear bites you!!
* * * LOW HITPOINT WARNING * * *
The polar bear claws you.
* * * LOW HITPOINT WARNING * * *
The polar bear claws you but does no damage.
You block the polar bear's attack.
The polar bear claws you but does no damage.
You block the polar bear's attack. The polar bear bites you!
You die...

#.#8#.......#8# #.###'.....)###
#####..#8##...##[#)
##...##.###8...8###)
###.........##...##..)
##........##...........
##..........####........
##...........## #......<. ##
##......h@.....# ##....... ..##
##.<............## #....... .#.#
#................#####.....
...####.................# #..####
....##.......Y).........# #.<#
.†..###................####.##
.†..###................# #..#####
.......#...............###.......
........#..............##........


You could see a polar bear (berserk) and an ice beast.

Vanquished Creatures
  4 gargoyles (D:8)
  A rime drake (D:8)
  Grinder (D:4)
  Sigmund (D:2)
  3 yaks (D:5)
  A vampire (D:6)
  A human (D:8)
  4 hogs (D:8)
  The ghost of Colgate the Grave Robber, an amateur MeNe (D:6)
  A water moccasin (D:7)
  2 orc warriors
  A black bear (D:6)
  2 sky beasts
  5 ice beasts
  2 wolves (D:8)
  An ogre (D:5)
  A centaur (D:6)
  A phantom (D:4)
  A kobold brigand (D:6)
  A gnoll sergeant (D:8)
  A scorpion (D:7)
  4 bullfrogs
  21 wights
  A howler monkey (D:6)
  4 hounds
  3 orc priests
  Crazy Yiuf (D:6)
  2 sleepcaps (D:7)
  Ijyb (D:4)
  Terence (D:2)
  7 iguanas
  4 orc wizards
  Robin (D:3)
  11 gnolls
  4 adders
  2 shadow imps (D:6)
  3 white imps
  3 worms
  3 dart slugs
  30 orcs
  6 ball pythons
  7 endoplasms
  A giant cockroach (D:4)
  16 goblins
  11 hobgoblins
  4 jackals (D:4)
  11 kobolds
  6 quokkas
  4 bats (D:2)
  3 frilled lizards
  5 rats
216 creatures vanquished.

Notes
Turn   | Place    | Note
-------+----------+-------------------------------------------
     0 | D:1      | Essalna the Gargoyle Earth Elementalist began the quest for
                  | the Orb.
     0 | D:1      | Reached XP level 1. HP: 10/10 MP: 3/3
   168 | D:1      | Reached XP level 2. HP: 16/16 MP: 1/5
   230 | D:1      | Reached skill level 1 in Shields
   252 | D:1      | Reached skill level 1 in Fighting
   321 | D:1      | Reached skill level 4 in Earth Magic
   508 | D:1      | Reached XP level 3. HP: 20/20 MP: 4/6
   592 | D:1      | Found a faded altar of an unknown god.
   783 | D:2      | HP: 1/21 [gnoll/+0 flail (11)]
  1081 | D:2      | Reached XP level 4. HP: 26/26 MP: 5/7
  1119 | D:2      | Learned a level 3 spell: Stone Arrow
  1192 | D:2      | Noticed Sigmund
  1199 | D:2      | Killed Sigmund
  1200 | D:2      | Reached skill level 5 in Earth Magic
  1200 | D:2      | Reached XP level 5. HP: 24/32 MP: 4/8
  1200 | D:2      | Reached XP level 6. HP: 28/37 MP: 4/9
  1399 | D:2      | Noticed Terence
  1403 | D:2      | Killed Terence
  2066 | D:3      | Found a broken altar of Ashenzari.
  2124 | D:3      | Noticed Robin
  2239 | D:3      | Killed Robin
  2942 | D:4      | Found a white marble altar of Elyvilon.
  3191 | D:4      | Found a sacrificial altar of Ru.
  3212 | D:4      | Reached skill level 1 in Armour
  3212 | D:4      | Reached XP level 7. HP: 41/41 MP: 4/10
  3575 | D:4      | Noticed Grinder
  3593 | D:4      | Killed Grinder
  3594 | D:4      | Reached skill level 6 in Earth Magic
  3711 | D:4      | Noticed Ijyb
  3736 | D:4      | Killed Ijyb
  4459 | D:4      | Found a sparkling altar of Nemelex Xobeh.
  4460 | D:4      | Found a bloodstained altar of Trog.
  4727 | D:5      | Entered Level 5 of the Dungeon
  4914 | D:5      | Found an iron altar of Okawaru.
  4943 | D:5      | Reached XP level 8. HP: 48/48 MP: 3/11
  5139 | D:5      | Identified the +1 leather armour of Feral Liberty {rF+
                  | Int+2}
  5238 | D:5      | Noticed a yak
  5238 | D:5      | Noticed a yak
  5238 | D:5      | Noticed a yak
  5335 | D:6      | Reached skill level 5 in Fighting
  5366 | D:6      | Identified the ring "Iptiqich" {rElec MP+9}
  5539 | D:5      | Reached skill level 7 in Earth Magic
  5565 | D:5      | Killed a yak
  5574 | D:5      | Killed a yak
  5575 | D:5      | Reached skill level 5 in Conjurations
  5578 | D:5      | Killed a yak
  5579 | D:5      | Reached XP level 9. HP: 31/55 MP: 9/12
  5874 | D:5      | Found Kacyes's Assorted Antiques.
  5979 | D:5      | Found a glowing golden altar of the Shining One.
  6201 | D:6      | Noticed Colgate's ghost (amateur MeNe)
  6270 | D:6      | Found a runed translucent gate.
  6276 | D:6      | Found a runed translucent gate.
  6277 | D:6      | Found a runed translucent gate.
  6382 | D:6      | Found a staircase to the Ecumenical Temple.
  6400 | Temple   | Entered the Ecumenical Temple
  6961 | D:6      | Reached skill level 5 in Armour
  7098 | D:6      | Found a shimmering blue altar of Sif Muna.
  7099 | D:6      | Found a radiant altar of Vehumet.
  7105 | D:6      | Became a worshipper of Vehumet
  7297 | D:6      | Reached skill level 8 in Earth Magic
  7373 | D:6      | Killed Colgate's ghost
  7727 | D:6      | Found a runed translucent door.
  7728 | D:6      | Noticed Crazy Yiuf
  7733 | D:6      | Killed Crazy Yiuf
  7914 | D:7      | Found a stormy altar of Qazlal.
  8127 | D:7      | Reached XP level 10. HP: 63/63 MP: 1/13
  8306 | D:7      | Found a hide-covered altar of Uskayaw.
  8394 | D:7      | Reached * piety under Vehumet
  8394 | D:7      | Offered knowledge of Magic Dart by Vehumet.
  9196 | D:8      | Reached skill level 9 in Earth Magic
  9586 | D:8      | Found a snail-covered altar of Cheibriados.
  9934 | D:8      | Noticed a gargoyle
  9938 | D:8      | Killed a gargoyle
  9939 | D:8      | Reached skill level 5 in Dodging
 10008 | D:8      | Noticed a gargoyle
 10011 | D:8      | Killed a gargoyle
 10070 | D:8      | Noticed a gargoyle
 10074 | D:8      | Killed a gargoyle
 10152 | D:8      | Noticed a gargoyle
 10154 | D:8      | Killed a gargoyle
 10352 | D:8      | Found a staircase to the Lair.
 10354 | D:8      | Reached XP level 11. HP: 68/68 MP: 14/14
 10384 | D:8      | Reached skill level 10 in Earth Magic
 10392 | D:8      | Slain by a polar bear

Illustrated notes

Levels and vault maps discovered:
D:1:      shiori_arrival_oz, layout_rooms, shapermc_ecumenical_altar_ellora
D:2:      layout_loops_ring, minmay_splitting_lines, minmay_pentomino_x4,
          uniq_terence, uniq_sigmund
D:3:      layout_loops_ring, mainiacjoe_overflow_alcove_1, uniq_robin
D:4:      layout_layer_cave, nicolae_ru_awakened_eye, elyvilon_altar_3,
          gammafunk_temple_overflow_pools, serial_rivers,
          chequers_serial_rivers_micro_a, chequers_serial_rivers_micro_b,
          chequers_serial_rivers_large_a, chequers_serial_rivers_room_a,
          minmay_misc_feat_diagonals, uniq_grinder, uniq_ijyb
D:5:      layout_basic, kennysheep_okawaru_gauntlet, tso_oasis_becter,
          serial_shops, kennysheep_little_box
D:6:      layout_basic, gammafunk_temple_overflow_statue,
          minmay_temple_entry_crystal_x, gammafunk_ghost_split,
          uniq_crazy_yiuf_cottage
D:7:      layout_loops_ring, nicolae_qazlal_general_emergency,
          nicolae_uskayaw_dance_hall
D:8:      cheibrodos_statue_roulette, layout_cave_pods,
          lemuel_zombie_altar_kikubaaqudgha, kennysheep_slug_shrine,
          hellmonk_lair_entry_icy, grunt_livestock
Temple:   nicolae_temple_superstar

Skill      XL: |  1  2  3  4  5  6  7  8  9 10 11 |
---------------+----------------------------------+-----
Shields        | 1 2 3 4 |  4.0
Fighting       | 1 2 3 4 5 7 8 |  8.5
Earth Magic    | 4 5 6 7 8 9 10 | 10.0
Conjurations   | 2 3 5 6 7 8 |  8.1
Armour         | 1 3 4 5 7 |  7.5
Dodging        | 3 4 5 |  5.5
Stealth        | |  2.1
Spellcasting   | |  2.0
Transmutations | |  0.7

Action                     |  1- 3 |  4- 6 |  7- 9 | 10-12 || total
---------------------------+-------+-------+-------+-------++-------
  Melee: Dagger            |       |     8 |    68 |    59 ||   135
         Unarmed           |       |     1 |       |       ||     1
   Cast: Sandblast         |    36 |    89 |   142 |    19 ||   286
         Stone Arrow       |       |       |    35 |    78 ||   113
    Use: Scroll            |     3 |     4 |     6 |       ||    13
         Potion            |     1 |       |     6 |       ||     7
 Armour: Robe              |     4 |     2 |       |       ||     6
         Scale mail        |       |    42 |    32 |       ||    74
         Leather armour    |       |       |    38 |    57 ||    95
  Dodge: Dodged            |     6 |    32 |    73 |    86 ||   197
  Block: Buckler           |       |    19 |    27 |    40 ||    86

Table legend: (Time is in decaauts)
 A = Elapsed time spent in this place.
 B = Non-inter-level travel time spent in this place.
 C = Inter-level travel time spent in this place.
 D = Time resting spent in this place.
 E = Time spent auto-exploring this place.
 F = Levels seen in this place.
 G = Mean time per level.
                   A        B        C        D        E       F      G
               +--------+--------+--------+--------+--------+-----+--------+
         Total |  10532 |  10067 |    465 |     66 |   8636 |   9 | 1170.2 |
       Dungeon |  10395 |   9952 |    443 |     66 |   8530 |   8 | 1299.4 |
        Temple |    136 |    114 |     22 |      0 |    106 |   1 |  136.0 |
               +--------+--------+--------+--------+--------+-----+--------+

Top non-repeatable levels by time:
     D:4: 1867 daAuts
     D:6: 1679 daAuts
     D:8: 1365 daAuts
     D:5: 1271 daAuts
     D:2: 1265 daAuts
     D:7: 1246 daAuts
     D:3: 919 daAuts
     D:1: 780 daAuts
  Temple: 136 daAuts
